 Dungeon Sprint DCSS version 0.30-a0-118-ga018f8e90f (webtiles) character file.

Game seed: 2125642913524522422

1306 mhtbhm the Geomancer (level 8, -4/46 HPs)
             Began as a Gargoyle Earth Elementalist on Sept 13, 2022.
             Was the Champion of Vehumet.
             Slain by a tarantella (14 damage)
             ... in the Dungeon (Sprint VII: "The Pits").
             The game lasted 00:02:42 (955 turns).

mhtbhm the Geomancer (Gargoyle Earth Elementalist)   Turns: 955, Time: 00:02:42

Health: -4/46      AC:  7    Str: 12    XL:     8   Next: 57%
Magic:  9/22       EV: 13    Int: 18    God:    Vehumet [******]
Gold:   0          SH:  0    Dex: 10    Spells: 18/28 levels left

rFire   . . .      SeeInvis .    k - +2 quarterstaff (spect)
rCold   . . .      Faith    .    (shield currently unavailable)
rNeg    + . .      Spirit   .    a - +0 robe
rPois   ∞          Reflect  .    (no helmet)
rElec   +          Harm     .    (no cloak)
rCorr   .          Rampage  .    (no gloves)
Will    .....      NoTele   +    (no boots)
Stlth   ++........               (no amulet)
HPRegen 0.15/turn                (no ring)
MPRegen 0.18/turn                (no ring)

@: no status effects
A: sickness immunity, AC +5, negative energy resistance 1, electricity
resistance, torment resistance 1, petrification resistance
a: Renounce Religion


You were in the Dungeon.
You worshipped Vehumet.
Vehumet was exalted by your worship.
You visited 1 branch

Inventory:

Hand Weapons
 k - a +2 spectral quarterstaff (weapon)
Armour
 a - a +0 robe (worn)
Wands
 l - a wand of flame (15)
Scrolls
 g - a scroll of blinking
 i - 5 scrolls of amnesia
 j - a scroll of summoning
Potions
 b - 5 potions of magic
 c - 4 potions of curing
 e - a potion of haste
 f - 2 potions of berserk rage
 h - 2 potions of invisibility


   Skills:
 + Level 3.4 Fighting
 + Level 2.1 Staves
 + Level 5.1 Dodging
 + Level 4.5 Stealth
 + Level 10.6 Spellcasting
 + Level 0.7 Conjurations
 + Level 0.9 Transmutations
 + Level 14.9 Earth Magic


You had 18 spell levels left.
You knew the following spells:

 Your Spells              Type           Power      Damage    Failure   Level
a - Sandblast             Erth           100%       2d20      0%          1
b - Passwall              Tmut/Erth      31%        N/A       1%          2
c - Stone Arrow           Conj/Erth      74%        3d11      1%          3
d - Petrify               Tmut/Erth      38%        N/A       2%          4

Your spell library contained the following spells:

 Spells                   Type           Power      Damage    Failure   Level
 Iskenderun's Mystic Bla  Conj/Tloc      10%        2d4       17%         4


Dungeon Overview and Level Annotations

Branches:
Dungeon (1/1)

Altars:
Ashenzari
Cheibriados
Dithmenos
Elyvilon
Fedhas
Gozag
Hepliaklqana
Kikubaaqudgha
Makhleb
Nemelex Xobeh
Okawaru
Qazlal
Ru
Sif Muna
Trog
Uskayaw
Vehumet
Wu Jian
Xom
Yredelemnul
Zin
The Shining One
Jiyva
Lugonu


Innate Abilities, Weirdness & Mutations

You are immune to sickness and miasma.
Your stone body is resilient. (AC +5)
You are immune to poison.
You resist negative energy. (rN+)
You are resistant to electric shocks. (rElec)
You are resistant to unholy torment.
You are immune to petrification.


Message History

Press: ? - help, Shift-Dir - straight line, f/p - flayed ghost
Aim: a flayed ghost (moderately damaged, 78% to hit)
The blast of sand hits the flayed ghost!!
The flayed ghost is severely damaged.
The flayed ghost hits you!!
* * * LOW HITPOINT WARNING * * *
The flayed ghost misses you.
You feel much better. The flayed ghost hits you!!
Ouch! That really hurt!
* * * LOW HITPOINT WARNING * * *
Casting: Sandblast (safe; 1% risk of failure)
Confirm with . or Enter, or press ? or * to list all spells.
Aiming: Sandblast (safe; 1% risk of failure)
Press: ? - help, Shift-Dir - straight line, f/p - flayed ghost
Aim: a flayed ghost (severely damaged, 78% to hit)
The blast of sand hits the flayed ghost!!!
You destroy the flayed ghost!
Vehumet accepts your kill. The tarantella touches you.
* * * LOW HITPOINT WARNING * * *
Your Fighting skill increases to level 3!
Your Dodging skill increases to level 5!
Your Spellcasting skill increases to level 10!
Your Earth Magic skill increases to level 14!
You have reached level 8!
You feel stronger.
Unknown command.
You feel better. The tarantella barely misses you.
You feel better. The tarantella misses you. The tarantella touches you.
Casting: Sandblast (safe; 0% risk of failure)
Confirm with . or Enter, or press ? or * to list all spells.
Aiming: Sandblast (safe; 0% risk of failure)
Press: ? - help, Shift-Dir - straight line, f - tarantella
Aim: a tarantella (78% to hit)
The blast of sand hits the tarantella!
The tarantella is heavily wounded.
The tarantella touches you!
* * * LOW HITPOINT WARNING * * *
The tarantella touches you!
You die...

#)#...†....##.......#
#)#####'#####...<...#
#.#...)))[.##.......#
#.#...)))[.##.......#
#'###########.......#
#...)...#.. #########
#.###...#.#
#.#.....#.#
#.#...#.#@#
#.....#.#†s....+
#...###.#'#....#
#.......')#....#
########### ####


You could see a tarantella.

Vanquished Creatures
  A flayed ghost (D)
  Prince Ribbit (D)
  2 centaurs (D)
  A scorpion (D)
  5 wights (D)
  A hound (D)
  An orc priest (D)
  Ijyb (D)
  An orc wizard (D)
  2 gnolls (D)
  2 river rats (D)
  An ufetubus (D)
  A worm (D)
  An orc (D)
  A bat (D)
  An endoplasm (D)
  A giant cockroach (D)
  2 quokkas (D)
  3 frilled lizards (D)
29 creatures vanquished.

Notes
Turn   | Place    | Note
-------+----------+-------------------------------------------
     0 | D        | mhtbhm the Gargoyle Earth Elementalist began the quest for
                  | the Orb.
     0 | D        | Reached XP level 1. HP: 10/10 MP: 3/3
    12 | D        | Reached skill level 5 in Earth Magic
    12 | D        | Reached XP level 2. HP: 15/15 MP: 0/5
    17 | D        | Found a bloodstained altar of Trog.
    17 | D        | Found a shimmering blue altar of Sif Muna.
    17 | D        | Found a viscous altar of Jiyva.
    17 | D        | Found a hazy altar of Hepliaklqana.
    17 | D        | Found an opulent altar of Gozag.
    18 | D        | Found a glowing golden altar of the Shining One.
    18 | D        | Found a glowing silver altar of Zin.
    18 | D        | Found a basalt altar of Yredelemnul.
    18 | D        | Found a shimmering altar of Xom.
    18 | D        | Found an ornate altar of the Wu Jian Council.
    18 | D        | Found a sacrificial altar of Ru.
    18 | D        | Found a stormy altar of Qazlal.
    18 | D        | Found an iron altar of Okawaru.
    18 | D        | Found a sparkling altar of Nemelex Xobeh.
    18 | D        | Found a burning altar of Makhleb.
    18 | D        | Found a blossoming altar of Fedhas.
    18 | D        | Found a white marble altar of Elyvilon.
    18 | D        | Found a shadowy altar of Dithmenos.
    18 | D        | Found a snail-covered altar of Cheibriados.
    20 | D        | Found a radiant altar of Vehumet.
    20 | D        | Found a corrupted altar of Lugonu.
    21 | D        | Found a hide-covered altar of Uskayaw.
    21 | D        | Found an ancient bone altar of Kikubaaqudgha.
    21 | D        | Found a broken altar of Ashenzari.
    30 | D        | Became a worshipper of Vehumet
    74 | D        | Noticed a scorpion
    84 | D        | Killed a scorpion
    85 | D        | Reached skill level 7 in Earth Magic
    85 | D        | Reached XP level 3. HP: 10/20 MP: 1/8
    85 | D        | Reached XP level 4. HP: 12/24 MP: 1/9
   113 | D        | Learned a level 2 spell: Passwall
   117 | D        | Learned a level 3 spell: Stone Arrow
   122 | D        | Learned a level 4 spell: Petrify
   274 | D        | Reached * piety under Vehumet
   274 | D        | Offered knowledge of Freeze by Vehumet.
   275 | D        | Reached skill level 8 in Earth Magic
   318 | D        | Reached ** piety under Vehumet
   319 | D        | Reached skill level 1 in Staves
   408 | D        | Offered knowledge of Poisonous Vapours by Vehumet.
   408 | D        | Reached *** piety under Vehumet
   409 | D        | Reached skill level 5 in Spellcasting
   409 | D        | Reached skill level 9 in Earth Magic
   409 | D        | Reached XP level 5. HP: 21/28 MP: 8/12
   413 | D        | Reached skill level 1 in Fighting
   413 | D        | Reached skill level 10 in Earth Magic
   414 | D        | Reached XP level 6. HP: 22/34 MP: 6/15
   576 | D        | Noticed Prince Ribbit
   581 | D        | Offered knowledge of Static Discharge by Vehumet.
   582 | D        | Reached skill level 11 in Earth Magic
   589 | D        | Reached **** piety under Vehumet
   593 | D        | Reached skill level 12 in Earth Magic
   595 | D        | Reached XP level 7. HP: 29/40 MP: 11/18
   596 | D        | Killed Prince Ribbit
   596 | D        | Reached ***** piety under Vehumet
   597 | D        | Reached skill level 13 in Earth Magic
   889 | D        | Offered knowledge of Iskenderun's Mystic Blast by Vehumet.
   896 | D        | Noticed Ijyb
   904 | D        | Killed Ijyb
   946 | D        | Noticed a tarantella
   946 | D        | Noticed a flayed ghost
   952 | D        | Killed a flayed ghost
   952 | D        | Reached ****** piety under Vehumet
   953 | D        | Reached skill level 5 in Dodging
   953 | D        | Reached skill level 10 in Spellcasting
   953 | D        | Reached skill level 14 in Earth Magic
   953 | D        | Reached XP level 8. HP: 9/46 MP: 10/22
   955 | D        | Slain by a tarantella

Illustrated notes

Levels and vault maps discovered:
D:        pitsprint [storerooms_1, entrance_room_1, metal_vault_7, armoury_2,
          mini_pit_1, grid_room_1, main_hall_1, silver_pit, the_coven_1,
          the_vestibule_1, steel_vault_3, golden_pit, hallway_of_sentries,
          crystal_vault_1, iron_vault_1, final_vault]

Skill      XL: |  1  2  3  4  5  6  7 |
---------------+----------------------+-----
Earth Magic    | 5 7 9 10 12 14 | 14.9
Dodging        | 2 3 4 5 |  5.1
Stealth        | 3 4 |  4.5
Spellcasting   | 3 5 6 7 10 | 10.6
Staves         | 1 2 |  2.1
Fighting       | 1 2 3 |  3.4
Conjurations   | |  0.7
Transmutations | |  0.9

Action                   |  1- 3 |  4- 6 |  7- 9 || total
-------------------------+-------+-------+-------++-------
Melee: Quarterstaff      |     3 |       |       ||     3
 Cast: Sandblast         |     8 |    30 |    24 ||    62
       Stone Arrow       |       |       |     3 ||     3
  Use: Potion            |     2 |     4 |     3 ||     9
Armor: Robe              |     1 |     6 |     6 ||    13
Dodge: Dodged            |     8 |    12 |    12 ||    32

Table legend: (Time is in decaauts)
 A = Elapsed time spent in this place.
 B = Non-inter-level travel time spent in this place.
 C = Inter-level travel time spent in this place.
 D = Time resting spent in this place.
 E = Time spent auto-exploring this place.
 F = Levels seen in this place.
 G = Mean time per level.
                   A        B        C        D        E       F      G
               +--------+--------+--------+--------+--------+-----+--------+
         Total |    994 |    994 |      0 |    708 |      0 |   1 |  994.0 |
       Dungeon |    994 |    994 |      0 |    708 |      0 |   1 |  994.0 |
               +--------+--------+--------+--------+--------+-----+--------+

Top non-repeatable levels by time:
       D: 994 daAuts
